PCL
LAS VEGAS STARS @ GRESHAM GOLD SOULS
09/03/2029
 
TOP OF THE 1ST
Las Vegas Stars batting - Pitching for Gresham Gold Souls : RHP Miguel Ortíz
Pitching: RHP Miguel Ortíz
Batting: RHB Guo-xiu Choi 0-0: Called Strike
0-1: Called Strike
0-2: Strikes out swinging
Batting: RHB Juan Valverde 0-0: Called Strike
0-1: Ball
1-1: Ball
2-1: Ball
3-1: Called Strike
3-2: Base on Balls
Batting: RHB Zhong Shui 0-0: SINGLE (Groundball, 6D)
Juan Valverde to second
Batting: LHB Patrick Osborne 0-0: Ball
1-0: Swinging Strike
1-1: Swinging Strike
1-2: Strikes out swinging
Batting: RHB Alonso Holguín 0-0: Foul Ball, location: 2F
0-1: Called Strike
0-2: Ball
1-2: Ball
2-2: Foul Ball, location: 2F
2-2: Ground out 3-1 (Groundball, 34)
Top of the 1st over - 0 runs, 1 hit, 0 errors, 2 left on base; Las Vegas 0 - Gresham 0
BOTTOM OF THE 1ST
Gresham Gold Souls batting - Pitching for Las Vegas Stars : RHP Dema Mitenkov
Pitching: RHP Dema Mitenkov
Batting: LHB Joel Nelson 0-0: Ball
1-0: Ball
2-0: Ball
3-0: Called Strike
3-1: Base on Balls
Batting: LHB Bill Smith 0-0: Ball
1-0: Foul Ball, location: 2F
1-1: Swinging Strike
1-2: Strikes out swinging
Batting: LHB Alberto Varela 0-0: Called Strike
0-1: Called Strike
Joel Nelson steals 2nd base
0-2: Fly out, F7 (Flyball, 7D)
Batting: RHB Mario Beltrán 0-0: Ball
1-0: Foul Ball, location: 2F
1-1: 2-RUN HOME RUN (Flyball, 7LD), Distance : 364 ft
Batting: SHB Todd Smith 0-0: Ball
1-0: Called Strike
1-1: Ball
2-1: Fly out, F3 (Popup, 3S)
Bottom of the 1st over - 2 runs, 1 hit, 0 errors, 0 left on base; Las Vegas 0 - Gresham 2
TOP OF THE 2ND
Las Vegas Stars batting - Pitching for Gresham Gold Souls : RHP Miguel Ortíz
Batting: LHB Clint Parkinson 0-0: Ball
1-0: Fly out, F6 (Line Drive, 6M)
Batting: RHB Gilberto Silva 0-0: Foul Ball, location: 2F
0-1: Fly out, F4 (Line Drive, 4M)
Batting: SHB Júlio Salazar 0-0: SINGLE (Line Drive, 6MD)
Batting: RHB Fernando Bórquez 0-0: Ball
1-0: Foul Ball, location: 2F
1-1: Ball
2-1: Fielders Choice at 2nd, 6-4 (Groundball, 6)
Top of the 2nd over - 0 runs, 1 hit, 0 errors, 1 left on base; Las Vegas 0 - Gresham 2
BOTTOM OF THE 2ND
Gresham Gold Souls batting - Pitching for Las Vegas Stars : RHP Dema Mitenkov
Batting: RHB Jim Villiers 0-0: Called Strike
0-1: Ball
1-1: Fly out, F3 (Popup, 3SF)
Batting: LHB Jeff Douglas 0-0: Foul Ball, location: 2F
0-1: Ball
1-1: Ground out 4-3 (Groundball, 4)
Batting: SHB Francis Shaffer 0-0: Ball
1-0: Ball
2-0: Ball
3-0: Called Strike
3-1: Base on Balls
Batting: RHB Augusto Baiano 0-0: Ball
1-0: Called Strike
1-1: Fly out, F9 (Flyball, 9D)
Bottom of the 2nd over - 0 runs, 0 hits, 0 errors, 1 left on base; Las Vegas 0 - Gresham 2
TOP OF THE 3RD
Las Vegas Stars batting - Pitching for Gresham Gold Souls : RHP Miguel Ortíz
Batting: RHB Guo-xiu Choi 0-0: Fly out, F9 (Flyball, 9LS)
Batting: RHB Juan Valverde 0-0: Ball
1-0: Ball
2-0: Swinging Strike
2-1: Ball
3-1: Base on Balls
Batting: RHB Zhong Shui 0-0: Swinging Strike
0-1: Foul Ball, location: 2F
0-2: Grounds into double play, U3-6 (Groundball, 3L)
Top of the 3rd over - 0 runs, 0 hits, 0 errors, 0 left on base; Las Vegas 0 - Gresham 2
BOTTOM OF THE 3RD
Gresham Gold Souls batting - Pitching for Las Vegas Stars : RHP Dema Mitenkov
Batting: LHB Joel Nelson 0-0: Ball
1-0: Ball
2-0: Ball
3-0: Called Strike
3-1: Base on Balls
Batting: LHB Bill Smith 0-0: Called Strike
0-1: Ball
1-1: Ball
2-1: DOUBLE (Line Drive, 89D)
Joel Nelson to third
Runner from 3rd tries for Home, SAFE, throw made at trailing runner, OUT at third!
Batting: LHB Alberto Varela 0-0: Ball
1-0: Ball
2-0: Foul Ball, location: 2F
2-1: Ground out 1-3 (Groundball, P)
Batting: RHB Mario Beltrán 0-0: Ball
1-0: Ball
2-0: Fly out, F9 (Line Drive, 89M)
Bottom of the 3rd over - 1 run, 1 hit, 0 errors, 0 left on base; Las Vegas 0 - Gresham 3
TOP OF THE 4TH
Las Vegas Stars batting - Pitching for Gresham Gold Souls : RHP Miguel Ortíz
Batting: LHB Patrick Osborne 0-0: Called Strike
0-1: Ball
1-1: Swinging Strike
1-2: Ground out U3 (Groundball, 3S)
Batting: RHB Alonso Holguín 0-0: Called Strike
0-1: Foul Ball, location: 2F
0-2: Ball
1-2: Fly out, F3 (Popup, 3DF)
Batting: LHB Clint Parkinson 0-0: Ball
1-0: Ball
2-0: Foul Ball, location: 2F
2-1: Foul Ball, location: 2F
2-2: SINGLE (Flyball, 8RM)
Batting: RHB Gilberto Silva 0-0: Called Strike
0-1: Foul Ball, location: 2F
0-2: Ball
1-2: Strikes out looking
Top of the 4th over - 0 runs, 1 hit, 0 errors, 1 left on base; Las Vegas 0 - Gresham 3
BOTTOM OF THE 4TH
Gresham Gold Souls batting - Pitching for Las Vegas Stars : RHP Dema Mitenkov
Batting: SHB Todd Smith 0-0: Ball
1-0: Ball
2-0: Ball
3-0: Base on Balls
Batting: RHB Jim Villiers 0-0: Ball
1-0: Foul Ball, location: 2F
1-1: TRIPLE (Flyball, 8LXD)
Todd Smith scores
Batting: LHB Jeff Douglas 0-0: Ball
1-0: Called Strike
1-1: Fly out, F8 (Flyball, 8RM)
Runner from 3rd tags up, SCORES, no throw
Batting: SHB Francis Shaffer 0-0: Called Strike
0-1: Called Strike
0-2: Ball
1-2: Ball
2-2: Strikes out swinging
Batting: RHB Augusto Baiano 0-0: Ball
1-0: Called Strike
1-1: Ball
2-1: SINGLE (Groundball, 56D)
Batting: LHB Joel Nelson 0-0: Called Strike
0-1: Ball
1-1: Ground out 1-3 (Groundball, 13)
Bottom of the 4th over - 2 runs, 2 hits, 0 errors, 1 left on base; Las Vegas 0 - Gresham 5
TOP OF THE 5TH
Las Vegas Stars batting - Pitching for Gresham Gold Souls : RHP Miguel Ortíz
Batting: SHB Júlio Salazar 0-0: Called Strike
0-1: Ball
1-1: Swinging Strike
1-2: SINGLE (Flyball, 89S)
Batting: RHB Fernando Bórquez 0-0: Ball
1-0: Foul Ball, location: 2F
1-1: Swinging Strike
1-2: Strikes out swinging
Batting: RHB Guo-xiu Choi 0-0: Called Strike
0-1: Foul Ball, location: 2F
0-2: Ball
1-2: Ball
2-2: Strikes out swinging
Batting: RHB Juan Valverde 0-0: Ball
1-0: DOUBLE (Line Drive, 78D)
Júlio Salazar to third
Runner from 3rd tries for Home, SAFE, no throw
Batting: RHB Zhong Shui 0-0: Ball
1-0: Called Strike
1-1: Foul Ball, location: 2F
1-2: SINGLE (Line Drive, 9LM)
Juan Valverde to third
Batting: LHB Patrick Osborne 0-0: Fly out, F7 (Flyball, 7S)
Top of the 5th over - 1 run, 3 hits, 0 errors, 2 left on base; Las Vegas 1 - Gresham 5
BOTTOM OF THE 5TH
Gresham Gold Souls batting - Pitching for Las Vegas Stars : RHP Dema Mitenkov
Batting: LHB Bill Smith 0-0: Called Strike
0-1: Ball
1-1: Ball
2-1: Fly out, F8 (Flyball, 8RD)
Batting: LHB Alberto Varela 0-0: Ball
1-0: Called Strike
1-1: Ball
2-1: Foul Ball, location: 2F
2-2: Ball
3-2: SINGLE (Groundball, 34) (infield hit)
Batting: RHB Mario Beltrán 0-0: Ball
Alberto Varela steals 2nd base
1-0: Intentional Walk
Batting: SHB Todd Smith 0-0: Swinging Strike
0-1: Ball
Alberto Varela steals 3rd base
1-1: DOUBLE (Line Drive, 9LM)
Alberto Varela scores
Mario Beltrán to third
Pitching: LHP Júlio Aguilar
Batting: RHB Jim Villiers 0-0: Ball
1-0: Reached on error, E6 (Groundball, 6)
Mario Beltrán scores
Todd Smith to third
Batting: LHB Jeff Douglas 0-0: Ball
1-0: Called Strike
1-1: Called Strike
1-2: Ball
2-2: 3-RUN HOME RUN (Flyball, 9LD), Distance : 351 ft
Batting: SHB Francis Shaffer 0-0: SINGLE (Groundball, 34D)
Batting: RHB Augusto Baiano 0-0: Ball
1-0: Fly out, F9 (Flyball, 9S)
Batting: LHB Joel Nelson 0-0: Foul Ball, location: 2F
0-1: Foul Ball, location: 2F
0-2: Ball
1-2: Foul Ball, location: 2F
1-2: Fielders Choice at 2nd, 6-4 (Groundball, 6)
Bottom of the 5th over - 5 runs, 4 hits, 1 error, 1 left on base; Las Vegas 1 - Gresham 10
TOP OF THE 6TH
Las Vegas Stars batting - Pitching for Gresham Gold Souls : RHP Miguel Ortíz
Batting: RHB Alonso Holguín 0-0: Ball
1-0: Ground out 4-3 (Groundball, 4)
Batting: LHB Clint Parkinson 0-0: Fly out, F8 (Flyball, 89M)
Batting: RHB Gilberto Silva 0-0: Called Strike
0-1: Ball
1-1: Ball
2-1: Fly out, F9 (Flyball, 89D)
Top of the 6th over - 0 runs, 0 hits, 0 errors, 0 left on base; Las Vegas 1 - Gresham 10
BOTTOM OF THE 6TH
Gresham Gold Souls batting - Pitching for Las Vegas Stars : LHP Júlio Aguilar
Batting: LHB Bill Smith 0-0: Fly out, F6 (Line Drive, 6M)
Batting: LHB Alberto Varela 0-0: SINGLE (Groundball, 6D)
Batting: RHB Mario Beltrán 0-0: Called Strike
0-1: Called Strike
0-2: Strikes out looking
Batting: SHB Todd Smith 0-0: Ball
1-0: Called Strike
1-1: Ball
2-1: Ball
3-1: Foul Ball, location: 2F
3-2: Ground out U3 (Groundball, 34)
Bottom of the 6th over - 0 runs, 1 hit, 0 errors, 1 left on base; Las Vegas 1 - Gresham 10
TOP OF THE 7TH
Las Vegas Stars batting - Pitching for Gresham Gold Souls : RHP Miguel Ortíz
Batting: SHB Júlio Salazar 0-0: Swinging Strike
0-1: Called Strike
0-2: Strikes out swinging
Batting: RHB Fernando Bórquez 0-0: Reached on error, E1 (Groundball, P)
Batting: RHB Guo-xiu Choi 0-0: Fly out, F8 (Flyball, 8LS)
Batting: RHB Juan Valverde 0-0: Called Strike
0-1: Foul Ball, location: 2F
0-2: Ball
1-2: Ball
Fernando Bórquez steals 2nd base
2-2: SINGLE (Line Drive, 5D)
Fernando Bórquez to third
Runner from 3rd tries for Home, SAFE, no throw
Batting: RHB Zhong Shui 0-0: Called Strike
0-1: 2-RUN HOME RUN (Flyball, 9D), Distance : 391 ft
Batting: LHB Patrick Osborne 0-0: Ball
1-0: Ball
2-0: Called Strike
2-1: Foul Ball, location: 2F
2-2: Fly out, F7 (Flyball, 7LM)
Top of the 7th over - 3 runs, 2 hits, 1 error, 0 left on base; Las Vegas 4 - Gresham 10
BOTTOM OF THE 7TH
Gresham Gold Souls batting - Pitching for Las Vegas Stars : LHP Júlio Aguilar
Batting: RHB Jim Villiers 0-0: Ground out 4-3 (Groundball, 4M)
Batting: LHB Jeff Douglas 0-0: Called Strike
0-1: Swinging Strike
0-2: Ground out 4-3 (Groundball, 4)
Batting: SHB Francis Shaffer 0-0: Called Strike
0-1: Called Strike
0-2: DOUBLE (Line Drive, 78XD)
Batting: RHB Augusto Baiano 0-0: Called Strike
0-1: Ball
1-1: Ground out 4-3 (Groundball, 4)
Bottom of the 7th over - 0 runs, 1 hit, 0 errors, 1 left on base; Las Vegas 4 - Gresham 10
TOP OF THE 8TH
Las Vegas Stars batting - Pitching for Gresham Gold Souls : RHP Miguel Ortíz
Pitching: RHP Eusébio Lagarto
Batting: RHB Alonso Holguín 0-0: Ground out 4-3 (Groundball, 4)
Batting: LHB Clint Parkinson 0-0: Ball
1-0: Called Strike
1-1: Swinging Strike
1-2: Ball
2-2: Strikes out swinging
Batting: RHB Gilberto Silva 0-0: Foul Ball, location: 2F
0-1: Ground out 1-3 (Groundball, 13S)
Top of the 8th over - 0 runs, 0 hits, 0 errors, 0 left on base; Las Vegas 4 - Gresham 10
BOTTOM OF THE 8TH
Gresham Gold Souls batting - Pitching for Las Vegas Stars : LHP Júlio Aguilar
Batting: LHB Joel Nelson 0-0: Called Strike
0-1: Ball
1-1: Ball
2-1: Foul Ball, location: 2F
2-2: Foul Ball, location: 2F
2-2: Ball
3-2: SINGLE (Groundball, 4MD)
Batting: LHB Bill Smith 0-0: Foul Ball, location: 2F
0-1: SINGLE (Groundball, 4D)
Joel Nelson to second
Runner from 2nd tries for 3rd, SAFE, no throw
Batting: LHB Alberto Varela 0-0: Ball
1-0: Swinging Strike
1-1: Ball
2-1: Ball
3-1: Grounds into double play, 5-4-3 (Groundball, 5)
Joel Nelson scores
Batting: RHB Mario Beltrán 0-0: Called Strike
0-1: Ball
1-1: Swinging Strike
1-2: Strikes out swinging
Bottom of the 8th over - 1 run, 2 hits, 0 errors, 0 left on base; Las Vegas 4 - Gresham 11
TOP OF THE 9TH
Las Vegas Stars batting - Pitching for Gresham Gold Souls : RHP Eusébio Lagarto
Now at 1B: Adam Thomas
Now in CF: Gustavo Pagán
Batting: SHB Júlio Salazar 0-0: Called Strike
0-1: Called Strike
0-2: Strikes out swinging
Batting: RHB Fernando Bórquez 0-0: Ball
1-0: Ball
2-0: Ball
3-0: Called Strike
3-1: Swinging Strike
3-2: Base on Balls
Batting: RHB Guo-xiu Choi 0-0: Called Strike
0-1: Foul Ball, location: 2F
0-2: Fly out, F8 (Flyball, 8RXD)
Batting: RHB Juan Valverde 0-0: Fielders Choice at 2nd, 6-4 (Groundball, 6)
Top of the 9th over - 0 runs, 0 hits, 0 errors, 1 left on base; Las Vegas 4 - Gresham 11
Saturday, December 16th, 2017 - OOTP Baseball 18.8 Build 76